 Dungeon Crawl Stone Soup version 0.24-a0-27-gca774cb5d5 (webtiles) character file.

Game seed: 8389586421019450628

2543 Flugslaktarn the Cleaver (level 9, -6/82 HPs)
             Began as a Deep Dwarf Fighter on Feb 2, 2019.
             Was an Initiate of Makhleb.
             Mangled by an orc warrior
             ... wielding a +0 short sword
              (8 damage)
             ... on level 7 of the Dungeon.
             The game lasted 00:03:06 (3607 turns).

Flugslaktarn the Cleaver (Deep Dwarf Fighter)       Turns: 3607, Time: 00:03:06

Health: -6/82      AC:  9    Str: 23    XL:     9   Next: 30%
Magic:  5/5        EV:  7    Int:  9    God:    Makhleb [......]
Gold:   451        SH:  9    Dex: 12    Spells: 8/8 levels left

rFire    . . .     SeeInvis .   a - +0 war axe
rCold    . . .     Gourm    .   c - +0 shield
rNeg     . . .     Faith    .   b - +0 scale mail
rPois    .         Spirit   .   (no helmet)
rElec    .         Reflect  .   (no cloak)
rCorr    .         Harm     .   l - +0 pair of gloves
MR       +....                  (no boots)
Stlth    ..........             (no amulet)
HPRegen  0.00/turn              (no ring)
MPRegen  0.09/turn              (no ring)

@: non-regenerating
A: damage resistance, heal wounds, sense surroundings 2, no regeneration
a: Heal Wounds, Renounce Religion


You were on level 7 of the Dungeon.
You worshipped Makhleb.
Makhleb was noncommittal.
You were hungry.

You visited 1 branch of the dungeon, and saw 7 of its levels.

You collected 451 gold pieces.

Inventory:

Hand Weapons
 a - a +0 war axe (weapon)
Armour
 b - a +0 scale mail (worn)
 c - a +0 shield (worn)
 l - a +0 pair of gloves (worn)
Jewellery
 e - an uncursed ring of protection from fire {unknown}
 x - an uncursed ring of see invisible {unknown}
 y - an uncursed amulet of the acrobat {unknown}
Wands
 o - a wand of iceblast (9) {@v4}
 p - a wand of acid (21) {@v2}
Scrolls
 h - 4 scrolls of teleportation {unknown}
 i - 2 scrolls of enchant armour {unknown}
 m - a scroll of amnesia {unknown}
 n - a scroll of fear {unknown}
 s - 2 scrolls of fog {unknown}
 t - a scroll of enchant weapon {unknown}
 v - a scroll of magic mapping {unknown}
Potions
 d - 2 potions of might {@q4}
 g - a potion of mutation {unknown}
 j - a potion of flight {unknown}
 k - a potion of brilliance {unknown}
 q - 2 potions of curing {unknown}
 r - 2 potions of haste {unknown}
 u - 2 potions of heal wounds {unknown}
Comestibles
 f - 6 rations {@e1}


   Skills:
 + Level 5.9 Fighting
 * Level 10.6 Axes
 + Level 7.2 Armour
 - Level 3.2 Shields
 + Level 0.2 Invocations


You had 8 spell levels left.
You didn't know any spells.
Your spell library was empty.

Dungeon Overview and Level Annotations

Branches:
Dungeon (7/15)
 Temple: D:4-7

Altars:
Cheibriados
Dithmenos
Makhleb
Okawaru
Qazlal
Vehumet
Xom
The Shining One

Shops:
D:4 =   D:6 %

Annotations:
D:4 exclusion: statue


Innate Abilities, Weirdness & Mutations

You are resistant to damage.
You can heal yourself by infusing magical energy.
You passively map the area around you.
You do not regenerate.


Message History

You block the orc warrior's attack.
The gnoll throws a stone.
The stone hits you but does no damage.
The orc warrior hits you with a +0 short sword!
You barely miss the orc warrior.
The orc warrior is moderately wounded.
The orc wizard looks satisfied for a moment.
The gnoll throws a stone.
The stone completely misses you.
The orc warrior hits you with a +0 short sword!
* * * LOW HITPOINT WARNING * * *
The gnoll throws a stone.
The stone hits you but does no damage. You block the orc warrior's attack.
You see here a stone.
The orc warrior hits you with a +0 short sword!
* * * LOW HITPOINT WARNING * * *
The orc wizard casts a spell at you.
The magic dart hits you but does no damage.
You see here 2 stones.
You fail to use your ability.
The orc barely misses you.
The orc warrior hits you with a +0 short sword!
You die...

' , ,, , *
...≈.#..#..## * , *
#..≈.#......#, ,, , ,'
#.≈.#......## , ,'
##.≈.#.......#. , *
##.g≈.#......... * , ,
, .##..h≈.......?...
,, ....g≈≈))oo.......
, , ,*
...g≈≈≈.(o@....... ***
, ,
**...g≈.............,*
*,....≈...(....$.###,
* ...≈≈..<........#
,** ,, ,
..≈≈...........## , ≈
≈≈≈............# ,
,,.....#.........#* *
, ####.<.........[
**** , ...##.#...... ,
, ,


You could see an orc warrior, a gnoll sergeant, a hound, an orc wizard, 3 gnolls
and an orc.

Vanquished Creatures
  Pikel (D:6)
  Prince Ribbit (D:5)
  Sigmund (D:5)
  Menkaure (D:5)
  An orc warrior (D:6)
  3 sky beasts (D:6)
  2 slaves (D:6)
  Purgy (D:3)
  2 ice beasts
  2 ogres
  A centaur (D:6)
  A centaur zombie (D:6)
  4 crimson imps
  3 hounds
  5 orc wizards
  3 orc priests
  A worker ant (D:4)
  A hound zombie (D:5)
  11 adders
  3 gnolls (D:3)
  An adder skeleton (D:6)
  3 worms (D:4)
  2 dart slugs
  2 leopard geckos
  13 orcs
  2 giant cockroaches
  3 goblins
  6 hobgoblins
  11 jackals
  2 quokkas
  4 ball pythons
  7 bats
  A frilled lizard (D:1)
  5 kobolds
  A quokka zombie (D:5)
  2 rats
113 creatures vanquished.

Vanquished Creatures (others)
  An adder (D:3)
1 creature vanquished.

Grand Total: 114 creatures vanquished

Notes
Turn   | Place    | Note
-------+----------+-------------------------------------------
     0 | D:1      | Flugslaktarn the Deep Dwarf Fighter began the quest for the
                  | Orb.
     0 | D:1      | Reached XP level 1. HP: 20/20 MP: 1/1
    61 | D:1      | Reached skill level 3 in Axes
    61 | D:1      | Reached XP level 2. HP: 17/27 MP: 2/2
   350 | D:2      | Reached skill level 4 in Axes
   350 | D:2      | Reached XP level 3. HP: 33/33 MP: 3/3
   381 | D:2      | Found a faded altar of an unknown god.
   392 | D:2      | Noticed an ice beast
   409 | D:2      | Killed an ice beast
   409 | D:2      | Reached skill level 5 in Axes
   409 | D:2      | Reached XP level 4. HP: 35/40 MP: 4/4
   454 | D:2      | Found a stormy altar of Qazlal.
   506 | D:2      | Reached XP level 5. HP: 35/46 MP: 5/5
   528 | D:2      | Reached skill level 6 in Axes
   550 | D:2      | Found a shadowy altar of Dithmenos.
   557 | D:2      | Found a glowing golden altar of the Shining One.
   557 | D:2      | Found a snail-covered altar of Cheibriados.
   823 | D:3      | Noticed Purgy
   833 | D:3      | Killed Purgy
   833 | D:3      | Reached XP level 6. HP: 39/56 MP: 6/6
  1318 | D:4      | Reached skill level 7 in Axes
  1498 | D:4      | Reached XP level 7. HP: 20/63 MP: 7/7
  1601 | D:4      | Found Dexkov's Jewellery Shoppe.
  1857 | D:4      | Found a radiant altar of Vehumet.
  2094 | D:5      | Entered Level 5 of the Dungeon
  2132 | D:5      | Noticed Menkaure
  2138 | D:5      | Killed Menkaure
  2138 | D:5      | Reached skill level 8 in Axes
  2138 | D:5      | Reached skill level 5 in Armour
  2248 | D:5      | Noticed Prince Ribbit
  2343 | D:5      | Found an iron altar of Okawaru.
  2523 | D:5      | Killed Prince Ribbit
  2523 | D:5      | Reached XP level 8. HP: 44/73 MP: 5/5
  2529 | D:5      | Noticed Sigmund
  2548 | D:5      | Killed Sigmund
  3035 | D:6      | Reached skill level 9 in Axes
  3039 | D:6      | Reached skill level 5 in Fighting
  3067 | D:6      | Noticed Pikel
  3106 | D:6      | Killed Pikel
  3106 | D:6      | Reached skill level 10 in Axes
  3106 | D:6      | Gained mutation: You passively map the area around you.
                  | [Deep Dwarf growth]
  3106 | D:6      | Reached XP level 9. HP: 23/81 MP: 5/5
  3324 | D:6      | Found Amoezu's Food Shoppe.
  3465 | D:6      | Found a burning altar of Makhleb.
  3466 | D:6      | Found a shimmering altar of Xom.
  3476 | D:6      | Became a worshipper of Makhleb the Destroyer
  3606 | D:7      | HP: 2/82 [orc warrior/+0 short sword (9)]
  3607 | D:7      | Mangled by an orc warrior

Vault maps used:
D:1:      dpeg_arrival_subterranean_lakeside_camping
D:2:      overflow_temple_1_default, chequers_temple_overflow_statue_of_worship,
          nicolae_dithmenos_shadow_blocks, chequers_ecumenical_altar_lobes,
          first_ration, minmay_pentomino_s2
D:3:      lemuel_flame_loot_1, uniq_purgy
D:4:      vehumet_statue, serial_shops, shop
D:5:      nicolae_overflow_crystal_walls, uniq_sigmund, uniq_prince_ribbit1,
          uniq_menkaure
D:6:      grunt_temple_overflow_champion_of_chaos, serial_shops, shop_coins,
          uniq_pikel
D:7:      grunt_temple_overflow_growth_and_decay, minmay_temple_entry_waves,
          serial_gnoll_camp, gnoll_camp_mini_hut, grums_kennel,
          gnoll_camp_mini_shop, gnoll_camp_mini_loothouse, gnoll_camp_huts_moat,
          the_bakery

Skill      XL: |  1  2  3  4  5  6  7  8  9 |
---------------+----------------------------+-----
Axes           | 3 4 5 6 7 8 10 | 10.6
Fighting       | 3 4 5 |  5.9
Armour         | 4 5 6 7 |  7.2
Shields        | |  3.2
Invocations    | |  0.2

Action                   |  1- 3 |  4- 6 |  7- 9 || total
-------------------------+-------+-------+-------++-------
Melee: War axe           |    84 |   118 |   276 ||   478
 Abil: Heal Wounds       |     2 |     5 |    16 ||    23
  Eat: Chunk             |       |     2 |     7 ||     9
Armor: Scale mail        |    54 |    84 |   123 ||   261
Dodge: Dodged            |    30 |    67 |    66 ||   163
Block: Shield            |    51 |    94 |   141 ||   286

Table legend:
 A = Non-vault XP
 B = Vault XP
 C = Vault XP percentage of total XP
 D = Non-vault monster count
 E = Vault monster count
 F = Vault count percentage of total count
                 A         B        C        D         E       F
            +---------+---------+-------+---------+---------+-------
      Total |    2151 |    1483 |  40.8 |     104 |       7 |   6.3
            +---------+---------+-------+---------+---------+-------
        D:1 |      32 |       0 |   0.0 |      20 |       0 |   0.0
        D:2 |     237 |       2 |   0.8 |      20 |       1 |   4.8
        D:3 |      82 |     130 |  61.3 |      11 |       1 |   8.3
        D:4 |     519 |       0 |   0.0 |      20 |       0 |   0.0
        D:5 |      82 |     672 |  89.1 |      11 |       3 |  21.4
        D:6 |    1143 |     679 |  37.3 |      19 |       2 |   9.5
        D:7 |      56 |       0 |   0.0 |       3 |       0 |   0.0
            +---------+---------+-------+---------+---------+-------
